 Dungeon Crawl Stone Soup version 0.30-a0-956-gcec3b41aec (webtiles) character file.

Game seed: 11646628858562022035

28819 cforsyth the Bludgeoner (level 13, -5/114 HPs)
             Began as a Formicid Fighter on Mar 30, 2023.
             Was a High Priest of Ru.
             Slain by a seven-headed hydra (12 damage)
             ... on level 4 of the Lair of Beasts.
             The game lasted 00:35:05 (20937 turns).

cforsyth the Bludgeoner (Formicid Fighter)         Turns: 20937, Time: 00:35:06

Health: -5/114     AC: 14    Str: 27    XL:     13   Next: 76%
Magic:  13/13      EV:  8    Int:  7    God:    Ru [*****.]
Gold:   769        SH:  5    Dex: 13    Spells: 12/12 levels left

rFire   . . .      SeeInvis +    a - +6 whip of the Cup {heavy, rElec rPois}
rCold   . . .      Faith    .    c - +0 buckler
rNeg    . . .      Spirit   .    t - +0 chain mail of the Everdark {Slay+3}
rPois   +          Reflect  .    (helmet unavailable)
rElec   +          Rampage  .    m - +1 cloak
rCorr   .                        K - +0 pair of gloves
Will    ++...                    b - +0 pair of boots Stlth
                                 (no amulet)
HPRegen 0.39/turn                f - +4 ring of slaying
MPRegen 0.13/turn                T - ring of willpower

@: unable to drink
A: permanent stasis, dig shafts and tunnels, antennae 3, inability to drink
after injury 2, inability to use devices, hated by all, no earth magic, no
summoning magic, no transmutations magic, four strong arms
a: Dig, Shaft Self, Renounce Religion, Draw Out Power, Power Leap, Apocalypse


You were on level 4 of the Lair of Beasts.
You worshipped Ru.
Ru was extremely pleased with you.
You visited 2 branches of the dungeon, and saw 16 of its levels.

You collected 978 gold pieces.
You spent 209 gold pieces at shops.

Inventory:

Hand Weapons
 a - the +6 whip of the Cup (weapon) {heavy, rElec rPois}
   (You found it on level 3 of the Lair of Beasts)

   rElec:     It insulates you from electricity.
   rPois:     It protects you from poison.
 r - the +10 dark maul {heavy}
   (You found it on level 8 of the Dungeon)
 D - a +5 flail
 E - a +2 flail of protection
 L - a +1 morningstar
 N - a +1 dire flail
Armour
 b - a +0 pair of boots (worn)
 c - a +0 buckler (worn)
 m - a +1 cloak (worn)
 t - the +0 chain mail of the Everdark (worn) {Slay+3}
   (You bought it in a shop on level 3 of the Dungeon)

   Slay:      It affects your accuracy & damage with ranged weapons and melee
   (+3).
 K - a +0 pair of gloves (worn)
Jewellery
 f - a +4 ring of slaying (left hand)
 o - a +4 ring of protection
 y - a ring of protection from fire
 I - a ring of protection from cold
 M - a +6 ring of strength
 P - a ring of protection from fire
 T - a ring of willpower (right hand)
Scrolls
 e - a scroll of enchant armour {unknown}
 g - a scroll of brand weapon {unknown}
 i - a scroll of magic mapping {unknown}
 j - a scroll of vulnerability {unknown}
 k - a scroll of summoning {unknown}
 l - a scroll of acquirement {unknown}
 p - 2 scrolls of immolation
 q - 6 scrolls of fear
 x - a scroll of amnesia {unknown}
 C - 2 scrolls of poison
 H - a scroll of fog {unknown}
 V - a scroll of enchant weapon {unknown}
Potions
 d - 4 potions of might
 h - 2 potions of invisibility
 n - 2 potions of mutation
 s - 2 potions of lignification
 u - 5 potions of curing
 z - 3 potions of brilliance
 A - a potion of cancellation
 O - 2 potions of flight {unknown}
 Q - a potion of heal wounds
 S - a potion of magic {unknown}
 U - a potion of ambrosia {unknown}


   Skills:
 - Level 14.3 Fighting
 - Level 17.9 Maces & Flails
 + Level 4.2 Armour
 + Level 5.1 Shields


You had 12 spell levels left.
You didn't know any spells.
Your spell library contained the following spells:

 Spells                   Type           Power      Damage    Failure   Level
 Apportation              Tloc           0%         N/A       97%         1
 Necrotise                Necr           0%         1d4       97%         1
 Shock                    Conj/Air       0%         1d3       97%         1
 Cigotuvi's Dreadful Rot  Necr/Pois/Air  0%         N/A       99%         2
 Lesser Beckoning         Tloc           0%         N/A       99%         2
 Gell's Gravitas          Tloc           0%         N/A       100%        3
 Kindle Blastsparks       Fire/Tloc/Air  0%         2d10      100%        3
 Teleport Other           Tloc           0%         N/A       100%        3
 Airstrike                Air            0%         2d(0-16)  100%        4
 Dispel Undead            Necr           0%         3d6       100%        4
 Freezing Cloud           Conj/Ice/Air   0%         6-21      100%        5
 Metabolic Englaciation   Hex/Ice        0%         N/A       100%        5
 Summon Small Mammal      Summ           Unusable   N/A       N/A         1
 Ignite Poison            Fire/Tmut/Pois Unusable   N/A       N/A         3
 Swiftness                Air            Unusable   N/A       N/A         3
 Petrify                  Tmut/Erth      Unusable   N/A       N/A         4
 Death Channel            Necr           Unusable   N/A       N/A         6
 Statue Form              Tmut/Erth      Unusable   N/A       N/A         6

Dungeon Overview and Level Annotations

Branches:
Dungeon (12/15)            Temple (0/1) D:5            Lair (4/5) D:10
  Swamp (0/4) Lair:2        Snake (0/4) Lair:2
  Slime: Lair:4-5       Orc: D:9-12

Altars:
Cheibriados
Elyvilon
Gozag
Makhleb
Nemelex Xobeh
Qazlal
Ru
Sif Muna
Trog
Uskayaw
Xom

Shops:
D:3 [[[(   D:6 ?   D:7 *

Portals:
Trove: D:10 (give steam dragon scales of Misanthropy)

Annotations:
D:9 1 runed translucent door
D:10 3 runed translucent doors, exclusion: obsidian statue, Jeffwins's ghost, journeyman HuWn
D:12 Rupert


Innate Abilities, Weirdness & Mutations

You cannot be hasted, slowed, berserked, paralysed or teleported.
You can dig through walls and to a lower floor.
You have a pair of large antennae on your head. (SInv)
You sometimes lose the ability to drink potions when taking damage.
You cannot study or use magical devices.
You are hated by all.
You cannot study or cast Earth magic.
You cannot study or cast Summoning magic.
You cannot study or cast Transmutations magic.
Your four strong arms can wield two-handed weapons with a shield.


Message History

The seven-headed hydra barely misses you. x2
The seven-headed hydra bites you but does no damage. x2
The seven-headed hydra closely misses you.
You whack the seven-headed hydra!
The seven-headed hydra is almost dead.
The seven-headed hydra bites you but does no damage. x2
The seven-headed hydra bites you.
The seven-headed hydra bites you but does no damage.
The seven-headed hydra bites you. x3
You are too injured to fight recklessly!
You are too injured to fight recklessly!
You are too injured to fight recklessly!
You are too injured to fight recklessly!
You are too injured to fight recklessly!
You are too injured to fight recklessly!
You are too injured to fight recklessly!
You are too injured to fight recklessly!
You are too injured to fight recklessly!
You catch the helpless seven-headed hydra completely off-guard!
You hit the seven-headed hydra.
The seven-headed hydra is almost dead.
The seven-headed hydra bites you! The seven-headed hydra bites you. x2
The seven-headed hydra bites you but does no damage.
The seven-headed hydra bites you!
* * * LOW HITPOINT WARNING * * *
The seven-headed hydra bites you.
* * * LOW HITPOINT WARNING * * *
The seven-headed hydra bites you.
* * * LOW HITPOINT WARNING * * *
You hit the seven-headed hydra.
The seven-headed hydra is almost dead.
The seven-headed hydra bites you.
* * * LOW HITPOINT WARNING * * *
The seven-headed hydra barely misses you.
The seven-headed hydra bites you.
* * * LOW HITPOINT WARNING * * *
The seven-headed hydra bites you.
* * * LOW HITPOINT WARNING * * *
The seven-headed hydra bites you!
You die...

.. . .# .#.#.##
##.#:...#
#.#......
####........
####..........#
###......#.##...P
#..........# .
...#...@....#
..#....D...##
###.......# .
##.....## ..
###..## ..####
#### .....####
........#
.#......##


You could see a seven-headed hydra (blind).

Vanquished Creatures
  A boulder beetle (D:12)
  3 two-headed ogres
  2 death yaks
  A skyshark (Lair:2)
  An ugly thing (D:12)
  A manticore (D:12)
  2 cyclopes
  2 black mambas (Lair:3)
  An elephant (Lair:2)
  8 cane toads
  2 unseen horrors (D:11)
  5 rime drakes
  7 komodo dragons
  2 trolls (D:10)
  2 hornets
  4 polar bears
  3 blink frogs
  Sigmund (D:2)
  5 wyverns
  25 yaks
  A water elemental (D:10)
  2 shadows
  A wraith (D:12)
  2 steam dragons
  A vampire (D:10)
  5 basilisks
  3 vampire mosquitoes (D:11)
  3 nagas (Lair:2)
  2 acid dragons
  10 water moccasins
  5 orc warriors
  An ice beast (D:5)
  5 black bears
  10 wolves
  An ogre (D:5)
  2 centaurs
  5 phantoms
  A kobold brigand (D:6)
  A gnoll sergeant (D:9)
  14 bullfrogs
  13 scorpions
  5 wights (D:9)
  13 killer bees
  9 electric eels (D:11)
  A crimson imp (D:12)
  4 hounds
  2 orc priests
  2 jellies (D:6)
  6 iguanas
  Natasha (twice) (D:2)
  Terence (D:3)
  8 orc wizards
  2 sleepcaps
  2 hell rats (Lair:3)
  Robin (D:3)
  12 gnolls
  5 adders
  9 river rats
  2 shadow imps
  A white imp (D:7)
  An ufetubus (D:5)
  2 worms (D:2)
  3 dart slugs
  28 orcs
  5 bats
  3 endoplasms
  6 giant cockroaches
  13 goblins
  9 hobgoblins
  3 jackals (D:2)
  2 quokkas (D:2)
  4 ball pythons
  2 frilled lizards (D:2)
  15 kobolds
  4 rats
353 creatures vanquished.

Vanquished Creatures (others)
  An elephant (Lair:2)
  A yak (D:10)
  An orc wizard (D:11)
  A bush (Lair:2)
  A butterfly (D:7)
  39 fungi
  46 plants
90 creatures vanquished.

Grand Total: 443 creatures vanquished

Notes
Turn   | Place    | Note
-------+----------+-------------------------------------------
     0 | D:1      | cforsyth the Formicid Fighter began the quest for the Orb.
     0 | D:1      | Reached XP level 1. HP: 18/18 MP: 1/1
   320 | D:1      | Reached XP level 2. HP: 24/24 MP: 2/2
   854 | D:2      | Reached XP level 3. HP: 14/30 MP: 3/3
   857 | D:2      | Reached skill level 3 in Maces & Flails
  1085 | D:2      | Noticed Natasha
  1094 | D:2      | Killed Natasha
  1095 | D:2      | Reached XP level 4. HP: 22/37 MP: 4/4
  1352 | D:2      | Noticed Sigmund
  1367 | D:2      | Killed Sigmund
  1368 | D:2      | Reached skill level 5 in Maces & Flails
  1368 | D:2      | Reached XP level 5. HP: 30/43 MP: 5/5
  1368 | D:2      | Reached XP level 6. HP: 35/50 MP: 6/6
  1437 | D:2      | Noticed Natasha
  1447 | D:2      | Killed Natasha
  1589 | D:2      | Reached skill level 5 in Fighting
  1871 | D:3      | Found Fuloxuy's Antique Armour Boutique.
  1880 | D:3      | Found Kaukk's Armour Shop.
  1945 | D:3      | Found a sparkling altar of Nemelex Xobeh.
  1952 | D:3      | Found Joxawem's Armour Shop.
  2094 | D:3      | Found a sacrificial altar of Ru.
  2111 | D:3      | Became a worshipper of Ru the Awakened
  2207 | D:3      | Found Pyts's Weapon Shop.
  2370 | D:3      | Noticed Terence
  2377 | D:3      | Killed Terence
  2960 | D:4      | Reached XP level 7. HP: 52/56 MP: 7/7
  3002 | D:4      | Noticed Robin
  3032 | D:3      | Killed Robin
  3469 | D:3      | Bought a scorched chain mail for 209 gold pieces
  3469 | D:3      | Identified the +0 chain mail of the Everdark {Slay+3} (You
                  | bought it in a shop on level 3 of the Dungeon)
  3517 | D:4      | Found a burning altar of Makhleb.
  3566 | D:4      | Identified the +4 trident of Dissatisfaction {spect, rPois
                  | rC+ Int+3 Dex+4}
  3889 | D:5      | Entered Level 5 of the Dungeon
  3905 | D:5      | Reached skill level 6 in Maces & Flails
  3948 | D:5      | Found a snail-covered altar of Cheibriados.
  4357 | D:4      | Gained mutation: You cannot study or cast Earth magic. [Ru
                  | sacrifice]
  4357 | D:4      | Gained mutation: You cannot study or cast Transmutations
                  | magic. [Ru sacrifice]
  4357 | D:4      | Gained mutation: You cannot study or cast Summoning magic.
                  | [Ru sacrifice]
  4357 | D:4      | Reached * piety under Ru
  4392 | D:5      | Noticed a water moccasin
  4406 | D:4      | Killed a water moccasin
  4407 | D:4      | Reached skill level 7 in Maces & Flails
  4407 | D:4      | Reached XP level 8. HP: 23/64 MP: 8/8
  4876 | D:5      | Found a staircase to the Ecumenical Temple.
  4998 | D:5      | Found a stormy altar of Qazlal.
  5092 | D:5      | Reached skill level 8 in Maces & Flails
  5584 | D:5      | Found a hide-covered altar of Uskayaw.
  5900 | D:6      | Reached XP level 9. HP: 64/72 MP: 9/9
  5928 | D:6      | Reached skill level 9 in Maces & Flails
  6339 | D:6      | Found Siaxe's Magic Scroll Boutique.
  6606 | D:7      | Gained mutation: You occasionally lose the ability to drink
                  | potions when taking damage. [Ru sacrifice]
  6606 | D:7      | Gained mutation: You sometimes lose the ability to drink
                  | potions when taking damage. [Ru sacrifice]
  6606 | D:7      | Reached ** piety under Ru
  6693 | D:7      | Found a blossoming altar of Fedhas.
  6703 | D:7      | Reached skill level 10 in Maces & Flails
  6746 | D:7      | Found a basalt altar of Yredelemnul.
  6807 | D:7      | Found Ufimiytu's Lightly-Used Armoury.
  6898 | D:7      | Found a white marble altar of Elyvilon.
  7103 | D:7      | Reached XP level 10. HP: 80/82 MP: 10/10
  7403 | D:8      | Reached skill level 11 in Maces & Flails
  7599 | D:8      | Found a bloodstained altar of Trog.
  7665 | D:8      | Noticed a two-headed ogre
  7674 | D:8      | Killed a two-headed ogre
  7677 | D:8      | Noticed a cyclops
  7685 | D:8      | Killed a cyclops
  7686 | D:8      | Reached skill level 12 in Maces & Flails
  7767 | D:8      | Noticed a two-headed ogre
  7782 | D:8      | a two-headed ogre changed into an elephant
  7782 | D:8      | Noticed an elephant
  7858 | D:8      | Reached skill level 10 in Fighting
  8356 | D:8      | Noticed a two-headed ogre
  8375 | D:8      | Killed a two-headed ogre
  8960 | D:9      | Reached XP level 11. HP: 85/92 MP: 11/11
  9101 | D:9      | Reached skill level 13 in Maces & Flails
  9166 | D:9      | Found a shimmering altar of Xom.
  9189 | D:9      | Found a shimmering blue altar of Sif Muna.
  9219 | D:9      | Gained mutation: You cannot study or use magical devices.
                  | [Ru sacrifice]
  9219 | D:9      | Reached *** piety under Ru
  9219 | D:9      | Reached **** piety under Ru
  9219 | D:9      | Reached ***** piety under Ru
  9228 | D:9      | Noticed a two-headed ogre
  9242 | D:9      | Killed a two-headed ogre
  9351 | D:9      | Found a runed translucent door.
  9357 | D:9      | Found a runed translucent door.
  9484 | D:9      | You fall into a shaft and drop 3 floors!
  9517 | D:12     | Noticed a boulder beetle
  9523 | D:12     | Killed a boulder beetle
  9614 | D:12     | Noticed a manticore
 10013 | D:11     | Reached skill level 14 in Maces & Flails
 10163 | D:10     | Entered Level 10 of the Dungeon
 10243 | D:9      | Found a hazy altar of Hepliaklqana.
 10952 | D:10     | Found a runed translucent gate.
 10952 | D:10     | Found a runed translucent gate.
 10952 | D:10     | Found a runed translucent gate.
 10953 | D:10     | Found an opulent altar of Gozag.
 10955 | D:10     | Noticed a centaur warrior
 10955 | D:10     | Noticed an obsidian statue
 10955 | D:10     | Noticed Jeffwins's ghost (journeyman HuWn)
 10956 | D:10     | Noticed an ogre mage
 11119 | D:10     | Found a portal to a secret trove of treasure.
 11278 | D:10     | Found a staircase to the Lair.
 11832 | D:11     | Noticed a cyclops
 11840 | D:11     | Killed a cyclops
 11841 | D:11     | Reached XP level 12. HP: 87/102 MP: 12/12
 12850 | D:10     | Reached skill level 15 in Maces & Flails
 14080 | D:11     | Gained mutation: You are hated by all. [Ru sacrifice]
 14706 | D:12     | Noticed Rupert
 14771 | Lair:1   | Entered Level 1 of the Lair of Beasts
 15345 | Lair:1   | Reached skill level 16 in Maces & Flails
 16222 | Lair:2   | Found a staircase to the Snake Pit.
 16397 | Lair:2   | Found a staircase to the Swamp.
 16423 | Lair:2   | Reached XP level 13. HP: 52/111 MP: 13/13
 17142 | Lair:2   | Reached skill level 17 in Maces & Flails
 19388 | Lair:3   | Identified the +4 scale mail of Tohaok {rC+}
 19517 | Lair:3   | Identified the +6 whip of the Cup {heavy, rElec rPois}
 20598 | Lair:4   | Noticed a seven-headed hydra
 20615 | Lair:3   | Reached skill level 5 in Shields
 20937 | Lair:4   | Slain by a seven-headed hydra

Illustrated notes

Levels and vault maps discovered:
D:1:      nzn_arrival_crosshair, layout_loops_corners, minivault_25
D:2:      layout_basic, uniq_sigmund, uniq_natasha
D:3:      layout_basic, mainiacjoe_overflow_six_doors_small,
          nicolae_ru_awakened_eye, serial_shops, shop_statue,
          nicolae_square_shop, shop, shop_statue, kennysheep_doodads,
          uniq_terence
D:4:      layout_cave_pools, overflow_temple_1_default,
          hangedman_abyss_or_decor_stabs, uniq_robin
D:5:      kennysheep_six_static_rooms, layout_basic, nicolae_uskayaw_suspiria,
          mainiacjoe_overflow_cross_hatched, lemuel_doored_altar,
          minmay_temple_entry_waves
D:6:      layout_rooms, serial_shops, shop
D:7:      layout_loops_ring, lemuel_tele_altar, nicolae_elyvilon_peaceful_grove,
          kennysheep_little_box, minmay_shop_damaged
D:8:      layout_basic, mainiacjoe_overflow_concentric_impassable,
          hellmonk_guarded_unrand_dark_maul
D:9:      lemuel_insect_pit, layout_cave_pools, mainiacjoe_overflow_alcove_1,
          nicolae_overflow_crystal_walls, overflow_temple_1_default,
          grunt_ministairs_3
D:10:     layout_loops_ring, grunt_lair_entry_orc_guard_hut, enter_trove_2,
          ebering_ghost_gozag
D:11:     layout_basic
D:12:     layout_stronghold, orc_0_dummy, hangedman_stone_soup, uniq_rupert
Lair:1:   layout_gridlike
Lair:2:   layout_long_grid, minmay_swamp_entry_reptiles,
          guppyfry_snake_entry_garden
Lair:3:   layout_layer_cave, kennysheep_rathole, infiniplex_staircase_pool_2
Lair:4:   layout_cave_pods, fungi_pond_lemuel

Skill      XL: |  1  2  3  4  5  6  7  8  9 10 11 12 13 |
---------------+----------------------------------------+-----
Maces & Flails | 3 5 7 8 10 12 14 16 17 | 17.9
Fighting       | 4 5 6 7 8 10 12 13 14 | 14.3
Armour         | 4 |  4.2
Shields        | 5 |  5.1

Action                     |  1- 3 |  4- 6 |  7- 9 | 10-12 | 13-15 || total
---------------------------+-------+-------+-------+-------+-------++-------
  Melee: Flail             |    62 |    99 |   254 |   467 |   187 ||  1069
         Maul              |       |       |       |     3 |       ||     3
         Whip              |       |       |       |       |    38 ||    38
 Invoke: Sacrifice Arcana  |       |       |     1 |       |       ||     1
         Sacrifice Drink   |       |       |     1 |       |       ||     1
         Sacrifice Artific |       |       |       |     1 |       ||     1
         Sacrifice Love    |       |       |       |     1 |       ||     1
         Apocalypse        |       |       |       |       |     2 ||     2
         Reject Sacrifices |       |       |       |       |     1 ||     1
  Evoke: Wand              |       |       |     4 |     9 |       ||    13
    Use: Scroll            |       |       |       |    14 |       ||    14
   Stab: Invisible         |       |       |       |     3 |     3 ||     6
         Paralysed         |       |       |       |     1 |     3 ||     4
         Distracted        |       |       |       |     1 |     1 ||     2
 Armour: Scale mail        |    30 |    31 |       |       |       ||    61
         Chain mail        |       |     2 |   146 |   186 |   112 ||   446
  Dodge: Dodged            |    39 |    33 |    67 |   119 |    68 ||   326
  Block: Buckler           |    15 |    31 |    55 |   101 |    46 ||   248

Table legend: (Time is in decaauts)
 A = Elapsed time spent in this place.
 B = Non-inter-level travel time spent in this place.
 C = Inter-level travel time spent in this place.
 D = Time resting spent in this place.
 E = Time spent auto-exploring this place.
 F = Levels seen in this place.
 G = Mean time per level.
                   A        B        C        D        E       F      G
               +--------+--------+--------+--------+--------+-----+--------+
         Total |  20865 |  20363 |    502 |   6065 |  11074 |  16 | 1304.1 |
       Dungeon |  14766 |  14356 |    410 |   3885 |   8072 |  12 | 1230.5 |
          Lair |   6098 |   6007 |     91 |   2180 |   3002 |   4 | 1524.5 |
               +--------+--------+--------+--------+--------+-----+--------+

Top non-repeatable levels by time:
  Lair:3: 2214 daAuts
    D:11: 2164 daAuts
  Lair:2: 1865 daAuts
  Lair:1: 1837 daAuts
    D:10: 1716 daAuts
     D:8: 1455 daAuts
     D:3: 1433 daAuts
     D:4: 1337 daAuts
     D:5: 1190 daAuts
     D:9: 1098 daAuts
     D:2: 1052 daAuts
     D:7: 995 daAuts
     D:1: 846 daAuts
    D:12: 821 daAuts
     D:6: 656 daAuts
